AoeStats
← CrazyBen

Black Forest

509889406Analyzed
4v4 RM · 3d ago on Sep 28, 2026· 22m 50s· 8 players
Game mode
Random Map
Map size
Large (8 player)
Population
200
Speed
Normal
Resources
Standard
Victory
Conquest
Starting age
Dark Age
Ending age
Imperial Age
RankedLock teamsTeams togetherTeam positionsShared explorationLock speedFull tech treeHidden civsTurbo modeCheats
Victory
Defeat
🇫🇷 Mongols · France
1429
+15
🇨🇳 Cumans · China
1427
+15
🇨🇳 Wei · China
1427
+15
🇭🇰 Japanese · Hong Kong SAR China
1386
+17
🇨🇳 Spanish · China
1420
-16
🇹🇼 Bohemians · Taiwan
1417
-16
🇨🇳 Persians · China
1405
-15
🇨🇳 Britons · China
1393
-15
只会种田
2:44 Loom
12:01 Feudal Age
15:55 Castle Age
13:43 Double-Bit Axe
13:55 Horse Collar
16:58 Bow Saw
21:35 Wheelbarrow
21:47 Stone Mining
22:13 Heavy Plow
lun
11:00 Feudal Age
14:53 Castle Age
13:11 Double-Bit Axe
13:25 Horse Collar
16:09 Bow Saw
21:26 Loom
22:18 Wheelbarrow
王德发
1:21 Loom
11:01 Feudal Age
15:44 Castle Age
14:55 Double-Bit Axe
Ren
0:55 Loom
12:29 Feudal Age
14:20 Double-Bit Axe
18:37 Fletching
CrazyBen
10:36 Feudal Age
11:53 Double-Bit Axe
11:50 Horse Collar
14:43 Castle Age
15:54 Bow Saw
15:47 Heavy Plow
16:18 Loom
博饼
8:34 Feudal Age
9:03 Horse Collar
9:09 Double-Bit Axe
9:16 Loom
14:08 Wheelbarrow
19:22 Castle Age
18:24 Scale Barding Armor
18:30 Forging
18:54 Bloodlines
19:30 Gold Mining
20:27 Bow Saw
20:20 Heavy Plow
尛b
0:27 Loom
10:52 Feudal Age
11:18 Double-Bit Axe
11:14 Horse Collar
11:25 Gold Mining
12:13 Town Watch
16:30 Wheelbarrow
19:02 Castle Age
20:44 Bow Saw
23:44 Imperial Age
lebron
1:32 Loom
10:39 Feudal Age
10:40 Man-at-Arms
11:34 Arson
20:52 Castle Age
19:29 Scale Mail Armor
19:44 Double-Bit Axe
20:29 Gold Mining
21:46 Long Swordsman
Connection lost

Rejoining the realm…

Still unreachable

The connection could not be restored.

Session expired

The server has moved on; the page needs a fresh start.